Map: Kairos Junction LE

Players

Arctur

  • Race: Terran Terran
  • Spawn Location: 11:00

InZaNe - Winner!

  • Race: Terran Terran
  • Spawn Location: 5:00

Event: 2019 WCS Spring

VOD

Have the link to the VOD?

Description

Time

  • Played on: May 17, 2019, 8:46 a.m.
  • Length: 8:39

All games in this series

Show
View Real Time Build Order
Export as new Build Order

Arctur Terran 

Build Orders: Gas First Reaper Expand 

Get SALT Encoding   

  12  0:00  SCV  
  13  0:13  SCV  
  14  0:17  Supply Depot  
  14  0:25  SCV  
  14  0:28  Refinery  
  15  0:38  SCV  
  16  0:45  Barracks  
  16  0:50  SCV  
  17  1:02  SCV  
  18  1:14  SCV  
  19  1:31  Reaper  
  19  1:32  Orbital Command  
  20  1:45  Command Center  
  20  1:56  Factory  
  20  1:59  SCV  
  21  2:05  Barracks Reactor  
  21  2:09  Refinery  
  21  2:11  SCV  
  22  2:16  Supply Depot  
  22  2:23  SCV  
  23  2:38  SCV  
  23  2:40  Hellion  
  23  2:41  Starport, Marine  
  23  2:44  Marine  
  28  2:50  SCV  
  29  3:00  Orbital Command  
  29  3:01  Factory Tech Lab  
  29  3:04  SCV  
  30  3:07  Marine x2  
  32  3:16  SCV  
  33  3:23  Cyclone  
  33  3:26  Marine x2  
  38  3:27  Starport Tech Lab  
  38  3:28  SCV  
  38  3:34  Supply Depot  
  38  3:37  SCV  
  38  3:40  SCV  
  40  3:43  Refinery  
  40  3:45  Raven  
  42  3:49  SCV  
  42  3:51  Marine x2  
  42  3:52  SCV  
  46  4:01  SCV  
  47  4:03  Supply Depot  
  47  4:04  SCV  
  47  4:09  Marine x2  
  53  4:10  Siege Tank  
  53  4:17  SCV  
  53  4:20  Supply Depot  
  54  4:25  SCV  
  55  4:33  SCV  
  55  4:37  SCV  
  57  4:39  Viking  
  57  4:40  Viking  
  57  4:42  Siege Tank  
  57  4:45  SCV  
  65  4:47  Marine  
  65  4:49  SCV  
  67  4:57  SCV  
  67  4:58  Stimpack  
  68  5:01  SCV, Supply Depot  
  69  5:08  Marine  
  70  5:15  Command Center  
  70  5:23  SCV, Siege Tank  
  70  5:24  SCV, Supply Depot  
  75  5:29  Viking  
  75  5:35  SCV, Viking  
  77  5:46  SCV  
  77  5:47  SCV  
  73  5:59  SCV, Viking  
  73  6:03  Barracks  
  77  6:05  Viking, Barracks, Refinery  
  77  6:06  SCV, Engineering Bay  
  77  6:07  Engineering Bay  
  77  6:10  Siege Tank  
  82  6:12  SCV  
  83  6:19  Marine  
  83  6:23  SCV, Supply Depot  
  83  6:25  SCV  
  86  6:29  Orbital Command  
  86  6:35  SCV  
  86  6:37  Marine  
  88  6:43  Siege Tank  
  88  6:45  Barracks  
  74  6:54  SCV x2, Marine  
  74  6:56  SCV  
  74  6:58  Viking x2  
  74  6:59  Barracks Reactor  
  74  7:00  Barracks Reactor  
  75  7:06  SCV  
  75  7:07  SCV  
  74  7:10  Combat Shield  
  74  7:12  Marine  
  74  7:13  Barracks  
  74  7:15  Orbital Command  
  75  7:17  Siege Tank  
  75  7:18  SCV  
  79  7:28  Viking x2  
  84  7:30  SCV  
  84  7:35  SCV  
  84  7:36  Barracks Reactor  
  85  7:37  Refinery x2  
  85  7:38  Marine  
  85  7:40  Marine  
  85  7:41  Barracks Tech Lab  
  85  7:42  SCV  
  85  7:43  SCV  
  88  7:49  SCV, Marine  
  88  7:50  Marauder  
  91  7:56  SCV  
  91  7:57  SCV  
  93  8:01  SCV  
  93  8:02  Marine  
  93  8:04  Armory, Barracks Tech Lab  
  95  8:08  SCV  
  95  8:09  SCV, Marine  
  95  8:12  Marine  
  100  8:13  SCV  
Show
View Real Time Build Order
Export as new Build Order

InZaNe Terran - Winner!

Build Orders: Cyclone Opening, Mech 

Get SALT Encoding   

  12  0:00  SCV  
  13  0:12  SCV  
  14  0:16  Supply Depot  
  14  0:25  SCV  
  14  0:28  Refinery  
  15  0:38  SCV  
  16  0:44  Barracks  
  16  0:50  SCV  
  16  0:54  Refinery  
  17  1:02  SCV  
  18  1:14  SCV  
  19  1:32  Reaper, Orbital Command  
  21  1:35  Factory  
  20  1:48  Supply Depot  
  20  1:58  SCV  
  21  2:04  Barracks Tech Lab  
  21  2:11  SCV  
  22  2:25  Cyclone  
  25  2:30  Command Center  
  25  2:32  SCV  
  26  2:44  Starport  
  26  2:45  SCV  
  27  2:58  Cyclone  
  31  3:00  Supply Depot  
  31  3:02  SCV  
  31  3:08  Barracks Tech Lab  
  31  3:22  SCV  
  32  3:34  SCV  
  32  3:37  Raven  
  34  3:46  SCV  
  35  3:49  Refinery  
  35  3:54  Siege Tank  
  39  3:56  Orbital Command  
  39  3:58  SCV  
  38  4:04  Barracks Reactor  
  38  4:10  SCV  
  39  4:19  Command Center  
  39  4:22  SCV  
  40  4:27  SCV  
  40  4:31  Raven  
  38  4:34  SCV  
  38  4:36  Refinery  
  41  4:39  SCV  
  41  4:40  Marine x2  
  44  4:46  SCV  
  44  4:47  Siege Tank  
  44  4:50  Supply Depot  
  44  4:51  SCV  
  49  4:59  SCV  
  52  5:03  SCV  
  51  5:11  SCV  
  52  5:15  SCV  
  53  5:23  Factory  
  53  5:24  Factory  
  53  5:25  Viking x2  
  56  5:28  Barracks Reactor  
  56  5:29  SCV x2  
  59  5:39  Orbital Command  
  59  5:41  SCV  
  59  5:42  SCV, Siege Tank  
  62  5:57  Viking x2  
  62  6:02  SCV  
  62  6:03  SCV  
  68  6:08  Supply Depot x2  
  68  6:12  Siege Tank  
  68  6:14  SCV  
  68  6:18  Siege Tank  
  76  6:19  Hellion  
  76  6:24  Supply Depot  
  77  6:30  Viking, Hellion  
  81  6:36  SCV x2  
  82  6:46  Siege Tank  
  85  6:48  SCV x2, Viking  
  83  6:57  Orbital Command  
  83  6:58  Siege Tank  
  83  6:59  Hellion x2  
  83  7:00  SCV x2  
  91  7:07  Viking  
  93  7:12  SCV x2  
  93  7:14  Supply Depot  
  93  7:15  Supply Depot  
  95  7:22  SCV  
  96  7:24  SCV x2, Siege Tank  
  101  7:30  Supply Depot  
  101  7:35  Supply Depot  
  101  7:36  SCV x2, Hellion x2  
  107  7:37  Viking  
  107  7:39  Viking  
  107  7:43  SCV, Supply Depot  
  112  7:48  SCV  
  112  7:49  SCV  
  114  7:53  Siege Tank  
  114  7:56  SCV  
  114  7:58  Refinery  
  118  7:59  Refinery  
  118  8:00  SCV, Supply Depot  
  118  8:01  SCV, Supply Depot  
  118  8:02  Hellion  
  122  8:07  Viking, Hellion  
  122  8:08  SCV  
  122  8:12  SCV  
  131  8:15  SCV  
  132  8:20  SCV  
  132  8:24  SCV  
  135  8:27  SCV  
Tags
 
Add a new tag
Caveats
  • Supply blocks, unpowered buildings, or Contaminate may cause inaccurate times.
  • Supply counts are checked every 10 seconds.